 Dungeon Crawl Stone Soup version 0.25.0-3-gd7cc5688da (webtiles) character file.

Game seed: 8976149218384629573

125566 Froggeryz the Bludgeoner (level 16, -10/107 HPs)
             Began as a Gargoyle Fighter on June 15, 2020.
             Was the Champion of Okawaru.
             Killed from afar by a frost giant (16 damage)
             ... with a bolt of cold
             ... on level 3 of the Depths.
             The game lasted 00:55:28 (29041 turns).

Froggeryz the Bludgeoner (Gargoyle Fighter)        Turns: 29041, Time: 00:55:29

Health: -10/107    AC: 59    Str: 30    XL:     16   Next: 96%
Magic:  11/16      EV: 10    Int: 10    God:    Okawaru [******]
Gold:   439        SH: 15    Dex:  6    Spells: 15/15 levels left

rFire    + + .     SeeInvis .   T - +0 eveningstar (freeze)
rCold    + . .     Gourm    .   b - +1 kite shield {reflect}
rNeg     + + .     Faith    +   g - +15 plate armour "Araymiuv" {rF+ rN+ Dex-4}
rPois    ∞         Spirit   .   Q - +0 helmet
rElec    +         Reflect  +   H - scarf {rC+ rF+}
rCorr    .         Harm     .   V - +0 pair of gloves {Str+3}
MR       +....                  M - +2 pair of boots {Fly}
Stlth    ..........             o - amulet of faith
HPRegen  0.27/turn              X - +4 ring of protection
MPRegen  0.15/turn              W - +4 ring of protection

@: finesse, studying Earth Magic
A: big wings, yellow scales 1, negative energy resistance 1, electricity
resistance, strong 1, unbreathing, petrification resistance, rot immunity, AC
+12
a: Fly, Heroism, Finesse, Renounce Religion, Evoke Flight


You were on level 3 of the Depths.
You worshipped Okawaru.
Okawaru was exalted by your worship.
You were not hungry.

You visited 3 branches of the dungeon, and saw 19 of its levels.

You collected 1205 gold pieces.
You spent 766 gold pieces at shops.

Inventory:

Hand Weapons
 d - a +1 whip of freezing
 E - a +0 morningstar of protection
 T - a +0 eveningstar of freezing (weapon)
Missiles
 a - 10 curare-tipped darts
 C - 6 throwing nets (quivered)
Armour
 b - a +1 kite shield of reflection (worn)
 g - the +15 plate armour "Araymiuv" (worn) {rF+ rN+ Dex-4}
   (Okawaru gifted it to you on level 3 of the Depths)

   It affects your dexterity (-4).
   It protects you from fire.
   It protects you from negative energy.
 H - a scarf of resistance (worn)
 J - the +2 gold dragon scales of Plasticity {rPois rF+ rC+ Str+2}
   (Okawaru gifted it to you on level 12 of the Dungeon)

   It affects your strength (+2).
   It protects you from fire.
   It protects you from cold.
   It protects you from poison.
 M - a +2 pair of boots of flying (worn)
 Q - a +0 helmet (worn)
 V - a +0 pair of gloves of strength (worn)
Jewellery
 i - a +4 ring of evasion
 o - an amulet of faith (around neck)
 s - an uncursed ring of resist corrosion
 W - a +4 ring of protection (right hand)
 X - a +4 ring of protection (left hand)
Wands
 h - a wand of flame (22)
 n - a wand of paralysis (12)
 t - a wand of enslavement (14)
 u - a wand of iceblast (20)
 y - a wand of polymorph (33)
 D - a wand of disintegration (12)
 G - a wand of random effects (17)
Scrolls
 l - a scroll of magic mapping
 p - 3 scrolls of remove curse
 z - 4 scrolls of enchant armour
 A - 8 scrolls of amnesia
 O - a scroll of fog
 P - a scroll of vulnerability
 R - a scroll of brand weapon
 U - a scroll of torment
 Y - 3 scrolls of identify
Potions
 e - a potion of resistance
 j - 3 potions of lignification
 m - 2 potions of mutation
 q - a potion of invisibility
 r - 2 potions of stabbing
 v - a potion of flight
 w - 3 potions of cancellation
 K - a potion of magic
 N - 2 potions of brilliance
Books
 F - a manual of Earth Magic
Comestibles
 c - 11 chunks of flesh
 f - 18 rations


   Skills:
 + Level 14.7 Fighting
 * Level 17.1 Maces & Flails
 + Level 13.5 Armour
 - Level 7.1 Dodging
 - Level 15.0 Shields


You had 15 spell levels left.
You didn't know any spells.
Your spell library contained the following spells:

 Spells                   Type           Power        Failure   Level  Hunger
 Animate Skeleton         Necr           N/A          92%         1    ##.....
 Corona                   Hex            #......      92%         1    ##.....
 Pain                     Necr           #...         92%         1    ##.....
 Sandblast                Erth           #.....       92%         1    ##.....
 Sting                    Tmut/Pois      #...         92%         1    ##.....
 Passwall                 Tmut/Erth      #.......     98%         2    ###....
 Poisonous Vapours        Pois/Air       #.....       98%         2    ###....
 Slow                     Hex            #.......     98%         2    ###....
 Ignite Poison            Fire/Tmut/Pois #.......     100%        3    ####...
 Inner Flame              Hex/Fire       #.......     100%        3    ####...
 Mephitic Cloud           Conj/Pois/Air  #.......     100%        3    ####...
 Portal Projectile        Hex/Tloc       #.....       100%        3    ####...
 Stone Arrow              Conj/Erth      #.....       100%        3    ####...
 Vampiric Draining        Necr           #.........   100%        3    ####...
 Animate Dead             Necr           N/A          100%        4    #####..
 Cause Fear               Hex            #.........   100%        4    #####..
 Leda's Liquefaction      Hex/Erth       #.........   100%        4    #####..
 Olgreb's Toxic Radiance  Pois           #.......     100%        4    #####..
 Petrify                  Tmut/Erth      #.......     100%        4    #####..
 Agony                    Necr           #.......     100%        5    ######.
 Bolt of Magma            Conj/Fire/Erth #.........   100%        5    ######.
 Lee's Rapid Deconstruct  Erth           #.........   100%        5    ######.
 Silence                  Hex/Air        #.........   100%        5    ######.
 Yara's Violent Unravell  Hex/Tmut       #.........   100%        5    ######.
 Iron Shot                Conj/Erth      #.........   100%        6    #######
 Discord                  Hex            #.........   100%        8    #######
 Shatter                  Erth           #.........   100%        9    #######
 Statue Form              Tmut/Erth      Unusable     N/A         6    N/A

Dungeon Overview and Level Annotations

Branches:
Dungeon (15/15)            Temple (1/1) D:7            Lair (0/6) D:10
    Orc (0/2) D:10         Vaults (0/5) D:13         Depths (3/5) D:15

Altars:
Ashenzari
Cheibriados
Dithmenos
Elyvilon
Fedhas
Gozag
Hepliaklqana
Kikubaaqudgha
Makhleb
Nemelex Xobeh
Okawaru
Qazlal
Ru
Sif Muna
Trog
Uskayaw
Vehumet
Wu Jian
Xom
Yredelemnul
Zin
The Shining One

Shops:
D:6 ([?!   D:7 (   D:10 ?   D:12 %   D:15 *

Portals:
Hell: Depths:1 Depths:2 Depths:3
Pandemonium: Depths:2
Trove: D:13 (give 8 potions of haste)

Annotations:
D:7 3 runed translucent doors, McIrco's ghost, novice MiFi
D:15 3 runed translucent doors, Ruat's ghost, adept DECj
Depths:1 the Enchantress


Innate Abilities, Weirdness & Mutations

You are resistant to torment.
Your stone body is resilient. (AC +12)
You are immune to poison.
Your large and strong wings let you fly indefinitely.
You resist negative energy. (rN+)
You are resistant to electric shocks. (rElec)
You can survive without breathing.
You are immune to petrification.
You are immune to rotting.
You are partially covered in yellow scales. (AC +2)
Your muscles are strong. (Str +2)


Message History

A fire giant comes into view.
It is wielding a +2 great sword of flaming.
The frost giant casts a spell at you. The bolt of cold hits you. You resist.
* * * LOW HITPOINT WARNING * * *
You hit the frost giant but do no damage.
The frost giant is moderately wounded.
You block the frost giant's attack.
You hit the frost giant but do no damage.
The frost giant is moderately wounded.
You hit the frost giant.
The frost giant is moderately wounded.
The frost giant hits you with a +0 battleaxe of freezing!
* * * LOW HITPOINT WARNING * * *
The frost giant freezes you.
* * * LOW HITPOINT WARNING * * *
You hear a bellow!
You can now deal lightning-fast blows.
The frost giant casts a spell at you. The bolt of cold hits you! You resist.
You die...

..## ## ...#
uTT#### ... ...#
......# ...####..#
#..u..####.....#..#
##.#.Q...# ....#C.#
...#...u.####.....#
..#####.....#.....#
....###.....# #C.#
.......T##.....#@.#
....######.....#..#
.....## ##.....#
......## #.....#
..[....# #######
...[[..# ..)..[.#
).[.<..# ...)).##


You could see a frost giant and a fire giant.

Vanquished Creatures
  Xtahua (Depths:2)
  Asterion (Depths:2)
  A sphinx (Depths:2)
  Frances (D:14)
  A storm dragon (shapeshifter) (D:12)
  A storm dragon (Depths:2)
  2 frost giants
  A fire giant (Depths:2)
  9 stone giants
  4 very ugly things (Depths:2)
  A vampire knight (Depths:2)
  3 ettins
  A rakshasa (Depths:2)
  2 yaktaur captains
  Harold (D:7)
  4 ice dragons
  2 spriggan air magi (Depths:2)
  4 centaur warriors
  4 deep troll earth magi
  3 tengu warriors
  11 deep troll shamans (Depths:2)
  16 two-headed ogres
  A vampire mage (Depths:1)
  4 ogre magi
  A dancing weapon (D:13)
  2 spriggan berserkers (Depths:2)
  Nergalle (D:10)
  A salamander mystic (Depths:3)
  4 hell knights
  2 cherubim (D:13)
  A shadow wraith (D:12)
  4 skeletal warriors
  5 iron trolls (Depths:2)
  19 deep trolls
  2 unseen horrors
  A torturous demonspawn (Depths:2)
  4 wizards
  Pikel (D:3)
  2 necromancers
  The ghost of Alannah the Sneak, a novice DsHu of Dithmenos (D:6)
  An orc sorcerer (D:15)
  18 ugly things
  4 salamanders (Depths:3)
  A deep elf mage (D:8)
  4 cyclopes
  A rust devil (Depths:2)
  The ghost of spacerossing the Cleaver, a novice VSBe of Trog (D:6)
  A smoke demon (Depths:2)
  9 yaktaurs
  An efreet (D:12)
  A tormentor (Depths:2)
  2 tengu conjurers
  A guardian mummy (D:13)
  6 trolls
  A jumping spider (shapeshifter) (D:15)
  2 queen bees (shapeshifter)
  2 hornets (Depths:2)
  8 slime creatures
  2 hippogriffs
  2 wraiths
  2 spriggans (Depths:2)
  A vampire (D:14)
  A spriggan (shapeshifter) (Depths:2)
  Sigmund (D:3)
  A shadow (D:15)
  A ynoxinul (Depths:2)
  4 wyverns
  12 yaks
  5 large abominations (D:14)
  A hog (shapeshifter) (D:14)
  3 hungry ghosts
  A water elemental (Depths:2)
  A basilisk (D:13)
  A two-headed ogre zombie (D:10)
  2 acid dragons
  Duvessa (D:4)
  A porcupine (D:9)
  4 orc warriors
  2 slaves (D:3)
  5 sky beasts
  A black bear (D:10)
  3 eyes of draining
  3 ice beasts
  A phantom (D:8)
  2 necrophages
  8 centaurs
  10 ogres
  5 boggarts
  A boggart (shapeshifter) (D:13)
  A crocodile (D:12)
  5 big kobolds
  A gnoll sergeant (D:13)
  5 bullfrogs
  A wyvern zombie (D:14)
  Dowan (D:4)
  4 scorpions
  7 small abominations (D:14)
  A troll zombie (D:10)
  10 killer bees
  11 wights
  4 howler monkeys
  4 crimson imps
  2 centaur zombies
  3 bullfrog skeletons
  7 hounds
  6 jellies
  8 orc priests
  3 centaur skeletons
  6 iguanas
  7 orc wizards
  10 worker ants
  5 ogre zombies (D:10)
  3 hound zombies
  A howler monkey skeleton (D:4)
  6 gnolls
  7 adders
  3 shadow imps
  7 oozes
  2 adder skeletons
  4 worms
  3 leopard geckos
  40 orcs
  10 bats
  4 giant cockroaches
  5 goblins
  11 hobgoblins
  19 jackals
  4 quokkas
  A ball python (D:3)
  4 frilled lizards
  2 goblin zombies (D:10)
  2 hobgoblin skeletons (D:10)
  3 hobgoblin zombies (D:10)
  28 kobolds
  An orc skeleton (D:10)
  17 orc zombies (D:10)
  7 rats
588 creatures vanquished.

Vanquished Creatures (others)
  A gnoll (D:4)
  20 plants (D:13)
  2 withered plants (D:6)
23 creatures vanquished.

Grand Total: 611 creatures vanquished

Notes
Turn   | Place    | Note
-------+----------+-------------------------------------------
     0 | D:1      | Froggeryz the Gargoyle Fighter began the quest for the Orb.
     0 | D:1      | Reached XP level 1. HP: 14/14 MP: 1/1
   154 | D:1      | Reached XP level 2. HP: 19/19 MP: 2/2
   348 | D:1      | Reached skill level 3 in Maces & Flails
   871 | D:1      | Reached XP level 3. HP: 13/23 MP: 3/3
  1282 | D:2      | Reached skill level 4 in Maces & Flails
  1423 | D:2      | Reached XP level 4. HP: 28/28 MP: 4/4
  1659 | D:2      | Found a blossoming altar of Fedhas.
  1659 | D:2      | Found an opulent altar of Gozag.
  1660 | D:2      | Found a basalt altar of Yredelemnul.
  2226 | D:3      | Found a hazy altar of Hepliaklqana.
  2226 | D:3      | Found a hide-covered altar of Uskayaw.
  2276 | D:3      | Reached skill level 5 in Maces & Flails
  2280 | D:3      | Reached XP level 5. HP: 32/32 MP: 5/5
  2713 | D:3      | Noticed Sigmund
  2722 | D:3      | Killed Sigmund
  2722 | D:3      | Reached skill level 6 in Maces & Flails
  2722 | D:3      | Reached XP level 6. HP: 36/37 MP: 6/6
  2814 | D:3      | Found a white marble altar of Elyvilon.
  2814 | D:3      | Found a sacrificial altar of Ru.
  3292 | D:4      | Noticed a slave
  3292 | D:4      | Noticed a slave
  3294 | D:4      | Noticed Pikel
  3294 | D:4      | Noticed a slave
  3294 | D:4      | Noticed a slave
  3339 | D:3      | Killed a slave
  3368 | D:3      | Killed a slave
  3482 | D:3      | Killed Pikel
  3482 | D:3      | Reached skill level 8 in Maces & Flails
  3482 | D:3      | Reached XP level 7. HP: 36/41 MP: 7/7
  3629 | D:4      | Reached skill level 9 in Maces & Flails
  3664 | D:4      | Reached XP level 8. HP: 46/46 MP: 8/8
  3750 | D:4      | Noticed Duvessa
  3750 | D:4      | Noticed a wyvern
  3750 | D:4      | Noticed Dowan
  3778 | D:4      | Gained mutation: You tend to lose your temper in combat.
                  | [potion of mutation]
  3778 | D:4      | Gained mutation: Your spells are a little harder to cast,
                  | but a little more powerful. [potion of mutation]
  3780 | D:4      | HP: 1/46 [wyvern (9)]
  3786 | D:4      | Killed Dowan
  3789 | D:4      | Killed a wyvern
  3795 | D:4      | Killed Duvessa
  3795 | D:4      | Reached skill level 10 in Maces & Flails
  4171 | D:4      | Found a stormy altar of Qazlal.
  4197 | D:5      | Entered Level 5 of the Dungeon
  4293 | D:5      | Found a snail-covered altar of Cheibriados.
  4654 | D:5      | Found a radiant altar of Vehumet.
  5066 | D:6      | Found a runed translucent gate.
  5066 | D:6      | Found a runed translucent gate.
  5066 | D:6      | Found a runed translucent gate.
  5080 | D:6      | Reached skill level 11 in Maces & Flails
  5162 | D:6      | Found Rulubb's Armour Emporium.
  5272 | D:6      | Found Lijovit's Magic Scroll Boutique.
  5306 | D:6      | Lost mutation: You tend to lose your temper in combat.
                  | [potion of mutation]
  5306 | D:6      | Lost mutation: Your spells are a little harder to cast, but
                  | a little more powerful. [potion of mutation]
  5306 | D:6      | Gained mutation: You are partially covered in yellow
                  | scales. (AC +2) [potion of mutation]
  5306 | D:6      | Gained mutation: Your muscles are strong. (Str +2) [potion
                  | of mutation]
  5327 | D:6      | Found Zouffemm's Distillery.
  5333 | D:6      | Reached XP level 9. HP: 51/51 MP: 9/9
  5340 | D:6      | Bought a potion of curing for 36 gold pieces
  5340 | D:6      | Bought a potion of degeneration for 12 gold pieces
  5395 | D:6      | Found Botrau's Antique Weapon Shoppe.
  5512 | D:6      | Found a burning altar of Makhleb.
  5756 | D:6      | Noticed Alannah's ghost (novice DsHu)
  5756 | D:6      | Noticed spacerossing's ghost (novice VSBe)
  6062 | D:7      | Noticed Harold
  6187 | D:7      | Killed Harold
  6187 | D:7      | Reached skill level 12 in Maces & Flails
  6468 | D:7      | Found a staircase to the Ecumenical Temple.
  6482 | Temple   | Entered the Ecumenical Temple
  6536 | Temple   | Became a worshipper of Warmaster Okawaru
  6692 | D:7      | Found Lerumokh's Weapon Emporium.
  6696 | D:7      | Bought a +0 morningstar for 64 gold pieces
  6774 | D:7      | Found a runed translucent gate.
  6775 | D:7      | Found a runed translucent gate.
  6776 | D:7      | Found a runed translucent gate.
  6778 | D:7      | Noticed McIrco's ghost (novice MiFi)
  6925 | D:8      | Reached skill level 13 in Maces & Flails
  7076 | D:8      | Noticed a deep elf mage
  7109 | D:8      | Killed a deep elf mage
  7109 | D:8      | Reached * piety under Okawaru
  7109 | D:8      | Reached XP level 10. HP: 43/56 MP: 10/10
  7225 | D:8      | Found a bloodstained altar of Trog.
  7356 | D:8      | Found a shadowy altar of Dithmenos.
  7900 | D:9      | Reached skill level 14 in Maces & Flails
  8155 | D:9      | Found a shimmering blue altar of Sif Muna.
  8253 | D:9      | Reached ** piety under Okawaru
  8508 | D:10     | Entered Level 10 of the Dungeon
  8563 | D:10     | Found a snail-covered altar of Cheibriados.
  8644 | D:9      | Reached skill level 5 in Shields
  9394 | D:10     | Reached *** piety under Okawaru
  9491 | D:10     | Found a staircase to the Orcish Mines.
  9528 | D:10     | Reached skill level 15 in Maces & Flails
  9528 | D:10     | Reached XP level 11. HP: 54/60 MP: 11/11
  9573 | D:10     | Found a staircase to the Lair.
  9593 | D:10     | Found Oweqifru's Magic Scroll Shoppe.
  9600 | D:10     | Bought a scroll of fog for 24 gold pieces
  9791 | D:10     | Reached **** piety under Okawaru
  9882 | D:10     | Noticed Nergalle
  9912 | D:10     | Killed Nergalle
 10534 | D:11     | Noticed a brown ugly thing
 10556 | D:11     | Received a gift from Okawaru
 10561 | D:11     | Killed a brown ugly thing
 10630 | D:11     | Noticed a brown ugly thing
 10637 | D:11     | Killed a brown ugly thing
 10889 | D:11     | Killed an unseen horror
 10889 | D:11     | Reached skill level 16 in Maces & Flails
 11167 | D:12     | Noticed a two-headed ogre
 11189 | D:11     | Killed a two-headed ogre
 11189 | D:11     | Reached ***** piety under Okawaru
 11481 | D:12     | Found Ireasac's Food Emporium.
 12158 | D:13     | Reached XP level 12. HP: 67/67 MP: 12/12
 12239 | D:13     | Reached skill level 5 in Fighting
 12239 | D:13     | Reached skill level 5 in Armour
 13217 | D:13     | Reached ****** piety under Okawaru
 13655 | D:12     | Reached skill level 10 in Shields
 13898 | D:12     | Received a gift from Okawaru
 13908 | D:12     | Got crude gold dragon scales {god gift}
 13909 | D:12     | Identified the +2 gold dragon scales of Plasticity {rPois
                  | rF+ rC+ Str+2} (Okawaru gifted it to you on level 12 of the
                  | Dungeon)
 14060 | D:13     | Found a portal to a secret trove of treasure.
 14213 | D:6      | Bought a potion of haste for 120 gold pieces
 14213 | D:6      | Bought 2 potions of berserk rage for 120 gold pieces
 14830 | D:12     | Noticed a storm dragon
 14841 | D:12     | Killed a storm dragon
 14841 | D:12     | Reached XP level 13. HP: 76/76 MP: 1/13
 15304 | D:13     | Found a gate to the Vaults.
 15550 | D:14     | Noticed Frances
 15575 | D:14     | Killed Frances
 15925 | D:14     | Received a gift from Okawaru
 16856 | D:14     | Identified the Papyrus of the Mountains
 16925 | D:15     | Entered Level 15 of the Dungeon
 16955 | D:15     | Noticed an ettin
 16997 | D:15     | Killed an ettin
 17472 | D:15     | Noticed a yaktaur captain
 17491 | D:15     | Killed a yaktaur captain
 17529 | D:15     | Noticed a stone giant
 17550 | D:15     | Found Syc Yvua's Assorted Antiques.
 17568 | D:15     | Bought an eveningstar for 390 gold pieces
 17767 | D:6      | Killed spacerossing's ghost
 17774 | D:6      | Killed Alannah's ghost
 17980 | D:15     | Received a gift from Okawaru
 17989 | D:15     | Found a runed translucent gate.
 17994 | D:15     | Found a runed translucent gate.
 18031 | D:15     | Found a runed translucent gate.
 18033 | D:15     | Found an ancient bone altar of Kikubaaqudgha.
 18038 | D:15     | Noticed a lich
 18038 | D:15     | Noticed a lich
 18038 | D:15     | Noticed Ruat's ghost (adept DECj)
 18038 | D:15     | Noticed a lich
 18039 | D:15     | Noticed a lich
 18057 | D:15     | Found a staircase to the Depths.
 18261 | Depths:1 | Entered Level 1 of the Depths
 18295 | Depths:1 | Gained mutation: Your large and strong wings let you fly
                  | indefinitely. [Gargoyle growth]
 18295 | Depths:1 | Reached XP level 14. HP: 84/84 MP: 14/14
 18999 | Depths:1 | Received a gift from Okawaru
 18999 | Depths:1 | Reached skill level 15 in Shields
 19056 | Depths:1 | Got a bloodstained scimitar {god gift}
 19121 | Depths:1 | Noticed a stone giant
 19140 | Depths:1 | Killed a stone giant
 19288 | Depths:1 | Noticed a stone giant
 19310 | Depths:1 | Killed a stone giant
 19713 | Depths:1 | Found a gateway to Hell.
 19751 | Depths:1 | Reached skill level 10 in Armour
 19752 | Depths:1 | Reached skill level 10 in Fighting
 19864 | Depths:1 | Found a white marble altar of Elyvilon.
 20076 | Depths:1 | Noticed a frost giant
 20096 | Depths:1 | Killed a frost giant
 20163 | Depths:2 | Noticed a stone giant
 20179 | Depths:2 | Killed a stone giant
 20206 | Depths:2 | Received a gift from Okawaru
 20414 | Depths:2 | Noticed a stone giant
 20429 | Depths:2 | Killed a stone giant
 20637 | Depths:2 | Received a gift from Okawaru
 20750 | Depths:2 | Noticed a stone giant
 20883 | Depths:2 | Killed a stone giant
 21026 | Depths:2 | Found the +6 shillelagh "Devastator" {shatter}
 21496 | Depths:2 | Reached XP level 15. HP: 85/96 MP: 15/15
 21829 | Depths:2 | Noticed a sphinx
 21830 | Depths:2 | Paralysed by a sphinx for 4 turns
 21862 | Depths:2 | Killed a sphinx
 22027 | Depths:2 | Found a one-way gate leading to the halls of Pandemonium.
 22356 | Depths:2 | Received a gift from Okawaru
 22465 | Depths:2 | Noticed a frost giant
 22465 | Depths:2 | Noticed a storm dragon
 22484 | Depths:2 | Killed a frost giant
 22705 | Depths:2 | Killed a storm dragon
 23066 | Depths:2 | Received a gift from Okawaru
 23787 | Depths:3 | Noticed a fire giant
 23787 | Depths:3 | Noticed Asterion
 23978 | Depths:3 | Noticed the Enchantress
 25078 | Depths:2 | Paralysed by something for 5 turns
 25087 | Depths:2 | Reached skill level 1 in Dodging
 25338 | Depths:2 | Received a gift from Okawaru
 25975 | Depths:2 | Reached XP level 16. HP: 47/105 MP: 16/16
 25978 | Depths:2 | Received a gift from Okawaru
 26518 | Depths:3 | Noticed Xtahua
 26706 | Depths:2 | Killed Xtahua
 26706 | Depths:2 | Reached skill level 5 in Dodging
 26739 | Depths:2 | Received a gift from Okawaru
 27655 | Depths:3 | Received a gift from Okawaru
 27658 | Depths:3 | Got a faintly glowing plate armour {god gift}
 27661 | Depths:2 | Identified the +15 plate armour "Araymiuv" {rF+ rN+ Dex-4}
                  | (Okawaru gifted it to you on level 3 of the Depths)
 27701 | Depths:2 | Killed Asterion
 28932 | Depths:3 | Reached skill level 17 in Maces & Flails
 29041 | Depths:3 | Killed from afar by a frost giant

Illustrated notes

Levels and vault maps discovered:
D:1:      dpeg_arrival_three_smaller_balls, layout_basic
D:2:      layout_loops_ring, minitemple, kennysheep_generic_room_15
D:3:      layout_basic, chequers_temple_overflow_statue_of_worship,
          gammafunk_temple_overflow_statue, minmay_circle_x, uniq_sigmund
D:4:      layout_rooms, kennysheep_little_box, first_ration, uniq_duvessa,
          uniq_pikel
D:5:      layout_basic, nicolae_overflow_crystal_walls, cheibriados_altar_1
D:6:      layout_loops_corners, serial_shops, shop, shop, shop, shop,
          gammafunk_ghost_cemetery, makhleb_heckhound_becter
D:7:      layout_rooms, minmay_temple_entry_stoned_glass, serial_shops, shop,
          gammafunk_ghost_necromancy, uniq_harold
D:8:      layout_rooms, grunt_dithmenos_smoke_and_mirrors, trog_book
D:9:      minmay_distorted_concentric_squares, layout_cave_pools,
          lemuel_coloured_pillars_altar, hangedman_little_slice_of_home
D:10:     layout_irregular_city, grunt_lair_entry_orc_guard_hut,
          zombieorc2_lemuel, serial_shops, nicolae_shop_trees, basic_altar,
          uniq_nergalle
D:11:     layout_basic
D:12:     layout_loops_corners, serial_shops, kennysheep_mini_moat
D:13:     layout_rooms, david_vaults_4, nicolae_trove_entry_path_of_doom,
          pf_eden
D:14:     layout_loops_ring, minivault_11, laboratory, uniq_frances
D:15:     hangedman_depths_entry_civil_slaughter, layout_basic,
          gammafunk_ghost_crypt, minmay_misc_feat_enclosed, serial_shops,
          nicolae_shop_overgrown_old_shop, minivault_12
Temple:   compressed_dpeg_triangle_lava_temple
Depths:1: layout_long_grid, grunt_hell_entry_dis_grunt, lemuel_statue_altar
Depths:2: minmay_roctagon, layout_gridlike, rand_demon_pan_entry_9, hell_entry,
          kennysheep_big_empty_room
Depths:3: minmay_stepped, layout_cave_pools, hell_entry, serial_shops,
          nicolae_shop_stone, pan_entry, serial_sigils_hangedman_confine,
          uniq_enchantress, uniq_asterion, uniq_xtahua

Skill      XL: |  1  2  3  4  5  6  7  8  9 10 11 12 13 14 15 16 |
---------------+-------------------------------------------------+-----
Maces & Flails | 3 4 5 6 8 9 11 13 15 16 17 | 17.1
Shields        | 6 8 12 14 15 | 15.0
Fighting       | 4 7 8 11 13 14 | 14.7
Armour         | 4 7 8 11 13 | 13.5
Dodging        | 3 7 |  7.1

Action                   |  1- 3 |  4- 6 |  7- 9 | 10-12 | 13-15 | 16-18 || total
-------------------------+-------+-------+-------+-------+-------+-------++-------
Melee: Flail             |   163 |   228 |   162 |       |       |       ||   553
       Whip              |       |       |   156 |       |       |       ||   156
       Morningstar       |       |       |    70 |  1332 |   359 |       ||  1761
       Eveningstar       |       |       |       |       |   826 |   342 ||  1168
Invok: Finesse           |       |       |       |       |     2 |     3 ||     5
 Abil: Stop Flying       |       |       |       |       |     1 |       ||     1
Evoke: Wand              |       |       |     1 |    19 |    15 |     1 ||    36
  Use: Potion            |       |     1 |     9 |     1 |    12 |     1 ||    24
       Scroll            |       |       |    10 |     9 |    10 |     3 ||    32
 Stab: Sleeping          |       |       |     7 |       |       |       ||     7
       Paralysed         |       |       |       |    15 |       |       ||    15
  Eat: Chunk             |     2 |     7 |    12 |    25 |    16 |     4 ||    66
       Ration            |       |       |       |     3 |     6 |     2 ||    11
Armor: Scale mail        |    98 |   108 |    87 |       |       |       ||   293
       Chain mail        |       |       |    30 |   560 |       |       ||   590
       Gold dragon scale |       |       |       |    69 |   756 |    93 ||   918
       Skin              |       |       |       |       |     4 |       ||     4
       Plate armour      |       |       |       |       |       |   132 ||   132
Dodge: Dodged            |    90 |   104 |   143 |   411 |   357 |   109 ||  1214
       Repelled          |       |       |     1 |       |       |       ||     1
Block: Kite shield       |   117 |   110 |   140 |   619 |   668 |   241 ||  1895
       Reflection        |       |       |       |       |       |    12 ||    12
